 Dungeon Crawl Stone Soup version 0.29-a0-360-g8ed1089bbe (webtiles) character file.

Game seed: 2536276603645612164

217 lucidbluej the Chopper (level 5, -7/43 (45) HPs)
             Began as a Minotaur Gladiator on Apr 28, 2022.
             Mangled by a wight
             ... wielding a +0 hand axe
              (11 damage)
             ... on level 3 of the Dungeon.
             The game lasted 00:13:42 (1339 turns).

lucidbluej the Chopper (Minotaur Gladiator)         Turns: 1339, Time: 00:13:43

HP:   -7/43 (45)    AC:  3    Str: 21    XL:     5   Next: 62%
MP:   4/4           EV: 13    Int:  5    God:
Gold: 77            SH:  0    Dex: 11    Spells: 4/4 levels left

rFire   . . .      SeeInvis .   s - +1 spear (venom)
rCold   . . .      Faith    .   (no shield)
rNeg    . . .      Spirit   .   b - +0 leather armour
rPois   .          Reflect  .   c - +0 hat
rElec   .          Harm     .   (no cloak)
rCorr   .          Rampage  .   (no gloves)
Will    +....                   (no boots)
Stlth   +.........              (no amulet)
HPRegen 0.14/turn               k - ring of willpower
MPRegen 0.09/turn               (no ring)

@: lightly drained
A: horns 2, retaliatory headbutt
a: no special abilities


You were on level 3 of the Dungeon.
You visited 1 branch of the dungeon, and saw 3 of its levels.

You collected 77 gold pieces.

Inventory:

Hand Weapons
 a - a +1 war axe
 f - a +0 club
 g - a +0 club
 h - a +0 short sword
 i - a +0 short sword
 l - a +0 scythe of freezing
 n - a +0 spear
 o - a +0 short sword
 r - a +0 dagger
 s - a +1 spear of venom (weapon)
 v - a +0 dagger
 y - a +0 club
Missiles
 d - 3 throwing nets (quivered)
 e - a javelin
 j - 31 stones
Armour
 b - a +0 leather armour (worn)
 c - a +0 hat (worn)
 p - a +0 chain mail
 q - a +0 robe
 x - a +0 leather armour
Jewellery
 k - a ring of willpower (left hand)
Scrolls
 t - 3 scrolls of teleportation {unknown}
 w - a scroll of identify
Potions
 m - 2 potions of attraction
 u - a potion of curing


   Skills:
 + Level 3.2 Fighting
 + Level 5.5 Axes
 + Level 2.2 Throwing
 + Level 2.3 Armour
 + Level 4.8 Dodging


You had 4 spell levels left.
You didn't know any spells.
Your spell library contained the following spells:

 Spells                   Type           Power      Damage    Failure   Level
 Confusing Touch          Hex            0%         N/A       88%         3
 Yara's Violent Unravell  Hex/Tmut       0%         3d3       100%        5
 Enfeeble                 Hex            0%         N/A       100%        7


Dungeon Overview and Level Annotations

Branches:
Dungeon (3/15)

Altars:


Innate Abilities, Weirdness & Mutations

You have a pair of horns on your head.
You reflexively headbutt those who attack you in melee.


Message History

You hit the wight but do no damage. The wight hits you with a +0 hand axe!
You barely miss the wight.
You headbutt the wight, but do no damage.
The wight hits you with a +0 hand axe!
* * * LOW HITPOINT WARNING * * *
You closely miss the wight.
You headbutt the wight, but do no damage.
The wight closely misses you. You furiously retaliate!
You headbutt the wight, but do no damage.
You hit the wight. Your headbutt misses the wight.
The wight is moderately damaged.
The wight barely misses you.
You completely miss the wight.
The wight is moderately damaged.
You hit the wight but do no damage. Your headbutt misses the wight.
The wight is moderately damaged.
The wight hits you with a +0 hand axe.
* * * LOW HITPOINT WARNING * * *
Unknown command.
You closely miss the wight.
The wight is moderately damaged.
The wight barely misses you.
You hit the wight but do no damage. Your headbutt misses the wight.
The wight is moderately damaged.
The wight misses you. You furiously retaliate!
You headbutt the wight. You hit the wight.
The wight is severely damaged.
The wight barely misses you.
You hit the wight but do no damage.
The wight is severely damaged.
The wight hits you with a +0 hand axe.
* * * LOW HITPOINT WARNING * * *
You closely miss the wight.
You headbutt the wight, but do no damage.
The wight is severely damaged.
The wight closely misses you.
You hit the wight.
The wight is almost destroyed.
The wight hits you with a +0 hand axe!
You die...

#.# #.# #.#
########.#.# ###
#....@z#.#.# # #.#
#........#.# .# #.#
#..###.###.##..##.#.#
#..# #............#.#
#..# #.#.#.########.#
#..# #.#.#.# #.# #..#
#.#.#.# #.#
#..###.#.#.# #.#
#......#.#.# #.#


You could see a wight.

Vanquished Creatures
  Sigmund (D:2)
  An adder (D:3)
  An endoplasm (D:1)
  3 giant cockroaches
  4 goblins
  3 hobgoblins
  4 jackals (D:1)
  4 kobolds
  3 quokkas (D:1)
  5 ball pythons
  4 bats
  A frilled lizard (D:1)
  3 rats (D:1)
37 creatures vanquished.

Notes
Turn   | Place    | Note
-------+----------+-------------------------------------------
     0 | D:1      | lucidbluej the Minotaur Gladiator began the quest for the
                  | Orb.
     0 | D:1      | Reached XP level 1. HP: 18/18 MP: 0/0
    29 | D:1      | Reached skill level 4 in Axes
    39 | D:1      | Reached XP level 2. HP: 22/25 MP: 1/1
   343 | D:1      | Reached XP level 3. HP: 28/30 MP: 2/2
   430 | D:2      | Noticed Sigmund
   446 | D:2      | Killed Sigmund
   447 | D:2      | Reached skill level 5 in Axes
   447 | D:2      | Reached XP level 4. HP: 19/38 MP: 3/3
   447 | D:2      | Reached XP level 5. HP: 23/45 MP: 4/4
  1054 | D:3      | Found a faded altar of an unknown god.
  1339 | D:3      | Mangled by a wight

Illustrated notes

Levels and vault maps discovered:
D:1:      nicolae_arrival_washed_ashore, layout_rooms
D:2:      layout_loops_corners, uniq_sigmund
D:3:      layout_basic, lightli_temple_of_fire, serial_shops,
          nicolae_shop_hallway_plus, dreamdust_ecumenical_altar_grove,
          st_stairs_6

Skill      XL: |  1  2  3 |
---------------+----------+-----
Axes           | 4 5 |  5.5
Fighting       | 3 |  3.2
Armour         | 2 |  2.3
Dodging        | 4 |  4.8
Throwing       | |  2.2

Action                   |  1- 3 |  4- 6 || total
-------------------------+-------+-------++-------
Melee: War axe           |    48 |       ||    48
       Headbutt          |     8 |     4 ||    12
       Spear             |       |    21 ||    21
       Scythe            |       |     4 ||     4
  Use: Scroll            |     5 |       ||     5
       Potion            |     3 |       ||     3
Armor: Leather armour    |    22 |     7 ||    29
Dodge: Dodged            |    64 |    21 ||    85

Table legend: (Time is in decaauts)
 A = Elapsed time spent in this place.
 B = Non-inter-level travel time spent in this place.
 C = Inter-level travel time spent in this place.
 D = Time resting spent in this place.
 E = Time spent auto-exploring this place.
 F = Levels seen in this place.
 G = Mean time per level.
                   A        B        C        D        E       F      G
               +--------+--------+--------+--------+--------+-----+--------+
         Total |   1353 |    899 |    454 |      0 |      0 |   3 |  451.0 |
       Dungeon |   1353 |    899 |    454 |      0 |      0 |   3 |  451.0 |
               +--------+--------+--------+--------+--------+-----+--------+

Top non-repeatable levels by time:
     D:3: 778 daAuts
     D:1: 441 daAuts
     D:2: 133 daAuts
